 Dungeon Crawl Stone Soup version 0.26-a0-812-g31a745ddcd (webtiles) character file.

Game seed: 14842343014875490990

126919 kae the Severer (level 16, -9/226 HPs)
             Began as a Minotaur Fighter on Dec 10, 2020.
             Was the Champion of Qazlal.
             Killed from afar by an orc sorcerer (18 damage)
             ... with a bolt of fire
             ... while paralysed by an orc sorcerer
             ... on level 2 of the Orcish Mines.
             The game lasted 00:20:40 (26739 turns).

kae the Severer (Minotaur Fighter)                 Turns: 26739, Time: 00:20:41

Health: -9/226     AC: 29    Str: 27    XL:     16   Next: 44%
Magic:  8/8        EV:  2    Int:  9    God:    Qazlal [******]
Gold:   2652       SH:  0    Dex:  5    Spells: 15/15 levels left

rFire    . . .     SeeInvis .   a - +3 war axe of Wopyb {antimagic, MP+9 Int+3 Dex-5}
rCold    + . .     Faith    .   (no shield)
rNeg     . . .     Spirit   .   B - +0 plate armour
rPois    .         Reflect  +   U - +0 hat
rElec    .         Harm     .   V - +2 cloak {MR+}
rCorr    .         Rampage  .   g - +2 pair of gloves
MR       ++...                  C - +2 pair of boots
Stlth    ..........             e - amulet of reflection
HPRegen  0.47/turn              t - ring of protection from cold
MPRegen  0.11/turn              I - +4 ring of protection

@: paralysed, berserking (expiring), protected from physical damage, corroded,
repel missiles
A: retaliatory headbutt, horns 2
a: Upheaval, Elemental Force, Disaster Area, Renounce Religion


You were on level 2 of the Orcish Mines.
You worshipped Qazlal.
Qazlal was exalted by your worship.
You visited 4 branches of the dungeon, and saw 24 of its levels.
You also visited: Sewer and Ice Cave.

You collected 2712 gold pieces.
You spent 60 gold pieces at shops.

Inventory:

Hand Weapons
 a - the +3 war axe of Wopyb (weapon) {antimagic, MP+9 Int+3 Dex-5}
   (You found it on level 1 of the Lair of Beasts)

   It reduces the magical energy of the wielder, and disrupts the spells and
   magical abilities of those hit.
   Natural abilities and divine invocations are not affected.
   It affects your intelligence (+3).
   It affects your dexterity (-5).
   It affects your magic capacity (+9).
 b - a +2 hand axe of flaming
 x - a +3 war axe
 A - a +0 battleaxe
 N - a +1 war axe
Armour
 g - a +2 pair of gloves (worn)
 B - a +0 plate armour (worn)
 C - a +2 pair of boots (worn)
 O - +0 fire dragon scales
 U - a +0 hat (worn)
 V - a +2 cloak of magic resistance (worn)
Jewellery
 e - an amulet of reflection (around neck)
 o - an uncursed ring of fire
 t - a ring of protection from cold (left hand)
 u - an uncursed amulet of the acrobat
 G - an uncursed ring of flight
 I - a +4 ring of protection (right hand)
 L - a +6 ring of intelligence
 R - an uncursed ring of ice
 T - an uncursed amulet of magic regeneration
Wands
 m - a wand of disintegration (31)
 D - a wand of iceblast (29)
 E - a wand of digging (3)
 H - a wand of flame (35)
 J - a wand of polymorph (6)
 M - a wand of random effects (67)
Scrolls
 h - 7 scrolls of teleportation
 i - 5 scrolls of enchant weapon
 n - 6 scrolls of remove curse
 w - 3 scrolls of amnesia
 y - 3 scrolls of magic mapping
 P - 2 scrolls of identify
 Q - 2 scrolls of fog
 S - a scroll of enchant armour
Potions
 c - a potion of berserk rage
 d - 4 potions of might
 f - 8 potions of haste
 j - 8 potions of heal wounds
 k - 2 potions of magic
 l - 5 potions of curing
 p - 3 potions of lignification
 q - 3 potions of mutation
 r - a potion of invisibility
 s - 3 potions of cancellation
 v - 6 potions of flight
 z - 4 potions of attraction
 F - 2 potions of resistance
 K - a potion of brilliance


   Skills:
 + Level 15.8 Fighting
 * Level 20.8 Axes
 + Level 18.8 Armour
 + Level 14.3 Dodging
   Level 3.6 Shields
 + Level 0.8 Invocations


You had 15 spell levels left.
You didn't know any spells.
Your spell library contained the following spells:

 Spells                   Type           Power        Failure   Level
 Animate Skeleton         Necr           #.....       90%         1
 Magic Dart               Conj           #...         90%         1
 Pain                     Necr           #...         90%         1
 Sandblast                Erth           #.....       90%         1
 Blink                    Tloc           N/A          97%         2
 Call Imp                 Summ           #.......     97%         2
 Passwall                 Tmut/Erth      #.......     97%         2
 Searing Ray              Conj           #.....       97%         2
 Slow                     Hex            #.......     97%         2
 Conjure Flame            Conj/Fire      #.......     99%         3
 Dazzling Flash           Conj/Hex       #.....       99%         3
 Mephitic Cloud           Conj/Pois/Air  #.......     99%         3
 Stone Arrow              Conj/Erth      #.....       99%         3
 Vampiric Draining        Necr           #.........   99%         3
 Animate Dead             Necr           #.........   100%        4
 Fulminant Prism          Conj/Hex       #.........   100%        4
 Iskenderun's Mystic Bla  Conj/Tloc      #.......     100%        4
 Petrify                  Tmut/Erth      #.......     100%        4
 Agony                    Necr           #.......     100%        5
 Lee's Rapid Deconstruct  Erth           #.........   100%        5


Dungeon Overview and Level Annotations

Branches:
Dungeon (15/15)            Temple (1/1) D:4            Lair (6/6) D:9
  Swamp (0/4) Lair:2       Shoals (0/4) Lair:4        Slime (0/5) Lair:5
    Orc (2/2) D:11            Elf (0/3) Orc:2        Vaults (0/5) D:14
 Depths (0/5) D:15          Sewer (visited)           IceCv (visited)

Altars:
Ashenzari
Cheibriados
Dithmenos
Elyvilon
Fedhas
Gozag
Hepliaklqana
Kikubaaqudgha
Makhleb
Nemelex Xobeh
Okawaru
Qazlal
Ru
Sif Muna
Trog
Uskayaw
Vehumet
Wu Jian
Xom
Yredelemnul
Zin
The Shining One
Beogh
Jiyva

Shops:
D:5 !   Orc:2 (

Portals:
Trove: D:11 (give +2 shadow dragon scales)

Annotations:
Lair:2 exclusion: oklob plant
Lair:5 exclusion: oklob plant
Orc:1 1 runed translucent door, Noergh's ghost, journeyman DsGl


Innate Abilities, Weirdness & Mutations

You reflexively headbutt those who attack you in melee.
You have a pair of horns on your head.


Message History

You closely miss the orc sorcerer. You hit the orc but do no damage.
The orc sorcerer gestures at you while chanting.
You suddenly lose the ability to move!
The orc warlord hits you with a +0 bardiche!!
* * * LOW HITPOINT WARNING * * *
The hellwing disappears in a puff of smoke!
The orc wizard gestures wildly while chanting.
The orc wizard blinks!
The orc warrior hits you from afar with a +0 glaive!
* * * LOW HITPOINT WARNING * * *
The orc warrior hits you but does no damage.
An orc comes into view. It is wielding a +0 whip.
The orc sorcerer hits you but does no damage.
The orc warlord hits you with a +0 bardiche!!!
* * * LOW HITPOINT WARNING * * *
The orc warrior hits you but does no damage. x2
The orc sorcerer hits you but does no damage.
The orc sorcerer points at you and mumbles some strange words.
The bolt of fire hits you!!
You die...

*,,,,,,,8,,.oooo..,,,,8,,*,***,,,
,,,,,,,,,...............,,***,*,*
,,,,,,,,,......_.o......,,,,,,,,,
,,,*,,,,,.........o....,,,,,,,*,,
,,,,,,,,8....o..o...o.8,,,,,,,,,,
,,,,,****##.....o...#****,,,,,,,,
***,** *#....§oooo.,** **,*,*,,,
* *** **,,,#.oooo#,,,** *****,,,
**,,,*#.)°@○#*,,,** *,,,,
*,,,**#..o)o#**,,,* ****,,,
*∩,***#8.))8####,∩***,**,,,
****..#.°...#..#****,,,,,,,
#...........## ***,#,..,
##...........#**,.#.#...
##.........##*,........
#..........####..#....#
##..........#.##.......


You could see an orc warlord (strong), 2 orc sorcerers, 5 orc warriors, an orc
priest (strong), 3 orc wizards and 4 orcs.

Vanquished Creatures
  Gastronok (Orc:1)
  Frances (D:13)
  An orc warlord (Orc:2)
  An ironheart preserver (D:14)
  A stone giant (Orc:1)
  Azrael (D:13)
  Snorg (Orc:1)
  2 fire dragons (D:15)
  Josephine (D:15)
  An ogre mage (D:15)
  A great orb of eyes (D:15)
  11 hydras
  A boulder beetle (Lair:3)
  4 catoblepae
  2 centaur warriors
  A tengu warrior (D:15)
  19 death yaks
  2 orc high priests
  9 two-headed ogres
  4 skeletal warriors (D:15)
  Nergalle (Lair:3)
  6 unseen horrors
  2 bog bodies (Lair:2)
  5 orc knights
  A wolf spider zombie (D:15)
  3 orc sorcerers
  A deep elf mage (D:13)
  23 ugly things
  2 cyclopes
  7 manticores
  A centaur zombie (D:14)
  28 elephants
  3 black mambas
  Maurice (Orc:2)
  2 ice statues (IceCv)
  11 cane toads
  A gargoyle (D:13)
  2 kobold demonologists (D:14)
  A torpor snail (Lair:6)
  3 rime drakes
  15 komodo dragons
  2 efreet
  5 trolls
  A hornet (D:8)
  2 polar bears
  13 blink frogs
  5 slime creatures (D:13)
  5 dream sheep (Lair:6)
  A shadow (D:11)
  8 wyverns
  91 yaks
  7 wraiths
  3 basilisks
  3 fire elementals
  2 vampire mosquitoes (D:15)
  A steam dragon (Lair:5)
  4 wargs
  An acid dragon (D:14)
  2 soldier ants
  2 swamp worms (Lair:2)
  2 hell hounds (D:13)
  10 water moccasins
  Purgy (Sewer)
  42 orc warriors
  9 ice beasts
  5 sky beasts
  6 phantoms
  2 eyes of draining (D:13)
  2 necrophages
  4 black bears
  16 ogres
  17 wolves
  3 centaurs
  2 big kobolds (D:11)
  18 bullfrogs
  2 gnoll sergeants (D:11)
  A wyvern skeleton (D:11)
  2 scorpions
  15 wights
  19 killer bees
  2 electric eels
  3 bullfrog zombies
  6 jellies
  4 bullfrog skeletons
  10 hounds
  17 orc priests
  2 iguanas
  27 orc wizards
  14 worker ants
  5 hell rats (Lair:2)
  A killer bee zombie (D:7)
  3 hound skeletons
  2 howler monkey skeletons
  14 adders
  11 gnolls
  2 shadow imps (D:7)
  15 white imps
  An ufetubus (D:8)
  9 oozes
  An adder zombie (D:8)
  2 worms
  A dart slug (D:1)
  3 leopard geckos
  97 orcs
  5 giant cockroaches
  5 goblins
  6 hobgoblins
  9 jackals
  3 quokkas
  9 bats
  8 frilled lizards
  A jackal skeleton (D:4)
  14 kobolds
  2 leopard gecko skeletons
  2 quokka zombies (D:6)
  11 rats
847 creatures vanquished.

Vanquished Creatures (others)
  A bullfrog zombie (D:13)
  A bush (Lair:5)
  53 fungi
  53 plants
  6 toadstools (D:4)
114 creatures vanquished.

Grand Total: 961 creatures vanquished

Notes
Turn   | Place    | Note
-------+----------+-------------------------------------------
     0 | D:1      | kae the Minotaur Fighter began the quest for the Orb.
     0 | D:1      | Reached XP level 1. HP: 19/19 MP: 0/0
   240 | D:1      | Reached XP level 2. HP: 27/27 MP: 1/1
   243 | D:1      | Reached skill level 3 in Axes
   448 | D:1      | Reached skill level 1 in Dodging
   564 | D:2      | Reached XP level 3. HP: 33/33 MP: 2/2
   684 | D:2      | Reached XP level 4. HP: 40/40 MP: 3/3
   889 | D:2      | Reached skill level 4 in Axes
   915 | D:2      | Found a white marble altar of Elyvilon.
  1105 | D:3      | Noticed a phantom
  1245 | D:3      | Killed a phantom
  1245 | D:3      | Reached XP level 5. HP: 42/47 MP: 4/4
  1847 | D:3      | Reached skill level 5 in Axes
  1946 | D:3      | Reached XP level 6. HP: 53/55 MP: 5/5
  2322 | D:4      | Reached skill level 5 in Fighting
  2331 | D:4      | Found a staircase to the Ecumenical Temple.
  2390 | Temple   | Entered the Ecumenical Temple
  2583 | Temple   | Became a worshipper of Qazlal Stormbringer
  2691 | D:4      | Reached skill level 5 in Armour
  3076 | D:4      | Reached skill level 6 in Axes
  3076 | D:4      | Reached XP level 7. HP: 48/61 MP: 6/6
  3082 | D:4      | Reached * piety under Qazlal
  3307 | D:5      | Entered Level 5 of the Dungeon
  3620 | D:5      | Found a burning altar of Makhleb.
  3712 | D:5      | Reached skill level 7 in Axes
  3726 | D:5      | Found Biphiorebu's Distillery.
  3730 | D:5      | Bought a potion of curing for 45 gold pieces
  3730 | D:5      | Bought a potion of degeneration for 15 gold pieces
  3932 | D:5      | Found a glowing drain.
  3936 | Sewer    | Entered a sewer
  4016 | Sewer    | Noticed Purgy
  4029 | Sewer    | Killed Purgy
  4161 | D:6      | Reached ** piety under Qazlal
  4161 | D:6      | Reached XP level 8. HP: 70/70 MP: 7/7
  4229 | D:6      | Reached skill level 8 in Axes
  4792 | D:7      | Reached skill level 5 in Dodging
  4977 | D:7      | Reached skill level 9 in Axes
  4985 | D:7      | Reached XP level 9. HP: 41/79 MP: 8/8
  5806 | D:7      | Reached *** piety under Qazlal
  5833 | D:7      | Reached skill level 10 in Axes
  6393 | D:8      | Reached skill level 11 in Axes
  6393 | D:8      | Reached XP level 10. HP: 87/90 MP: 9/9
  6410 | D:8      | Reached **** piety under Qazlal
  7294 | D:9      | Found a staircase to the Lair.
  7452 | D:9      | Reached skill level 12 in Axes
  7699 | D:9      | Found a shimmering blue altar of Sif Muna.
  7819 | D:10     | Entered Level 10 of the Dungeon
  7983 | D:10     | Noticed a two-headed ogre
  7990 | D:10     | Killed a two-headed ogre
  7992 | D:10     | Noticed a two-headed ogre
  8004 | D:10     | Killed a two-headed ogre
  8007 | D:10     | Reached XP level 11. HP: 80/99 MP: 10/10
  8258 | D:10     | Reached ***** piety under Qazlal
  8524 | D:10     | Identified a scroll of acquirement
  8524 | D:10     | Acquired a manual of Armour
  8557 | D:11     | Reached skill level 10 in Fighting
  8566 | D:11     | Reached skill level 10 in Armour
  8579 | D:11     | Reached skill level 13 in Axes
  8653 | D:11     | Noticed a two-headed ogre
  8663 | D:11     | Killed a two-headed ogre
  9059 | D:11     | Killed an unseen horror
  9253 | D:11     | Found a portal to a secret trove of treasure.
  9275 | D:11     | Noticed a white ugly thing
  9286 | D:11     | Killed a white ugly thing
  9435 | D:11     | Found a staircase to the Orcish Mines.
  9454 | D:11     | Reached skill level 14 in Axes
 10048 | D:12     | Killed an unseen horror
 10156 | D:12     | Noticed a two-headed ogre
 10165 | D:12     | Killed a two-headed ogre
 10347 | D:12     | Reached XP level 12. HP: 82/110 MP: 11/11
 10737 | Lair:1   | Entered Level 1 of the Lair of Beasts
 10976 | Lair:1   | Found the +5 demon whip "Spellbinder" {antimagic, MR+}
 11330 | Lair:1   | Got an iridescent war axe
 11332 | Lair:1   | Identified the +3 war axe of Wopyb {antimagic, MP+9 Int+3
                  | Dex-5} (You found it on level 1 of the Lair of Beasts)
 11475 | Lair:1   | Reached skill level 10 in Dodging
 11678 | Lair:2   | Reached skill level 15 in Axes
 11716 | Lair:2   | Noticed a seven-headed hydra
 11945 | Lair:2   | Killed a four-headed hydra
 12587 | Lair:2   | Found a staircase to the Swamp.
 13188 | Lair:3   | Reached skill level 16 in Axes
 13251 | Lair:3   | Reached XP level 13. HP: 117/118 MP: 7/12
 13314 | Lair:3   | Noticed Nergalle
 13327 | Lair:3   | Killed Nergalle
 13355 | Lair:2   | Reached ****** piety under Qazlal
 14506 | Lair:4   | Found a staircase to the Shoals.
 14580 | Lair:4   | Reached skill level 15 in Armour
 15495 | Lair:5   | Reached skill level 17 in Axes
 15845 | Lair:5   | Reached XP level 14. HP: 81/129 MP: 7/13
 15855 | Lair:5   | Found a frozen archway.
 15892 | IceCv    | Entered an ice cave
 16016 | IceCv    | Found a transporter.
 16033 | IceCv    | Found a transporter.
 16636 | Lair:5   | Found a viscous altar of Jiyva.
 16636 | Lair:5   | Found a staircase to the Slime Pits.
 16743 | Lair:6   | Entered Level 6 of the Lair of Beasts
 17305 | Lair:5   | Reached skill level 18 in Axes
 18754 | Lair:6   | Reached skill level 19 in Axes
 18754 | Lair:6   | Reached XP level 15. HP: 27/139 MP: 7/14
 19567 | D:13     | Noticed Azrael
 19831 | D:13     | Noticed Frances
 19847 | D:13     | Killed Frances
 20155 | D:13     | Killed Azrael
 21139 | D:14     | Found a gate to the Vaults.
 21342 | D:14     | Found a roughly hewn altar of Beogh.
 21713 | D:14     | Reached skill level 15 in Fighting
 22103 | D:15     | Entered Level 15 of the Dungeon
 22107 | D:15     | Noticed Josephine
 22123 | D:15     | Killed Josephine
 22492 | D:15     | Reached skill level 20 in Axes
 22503 | D:15     | HP: 3/141 [green ugly thing (8)]
 22535 | D:15     | Paralysed by a great orb of eyes for 4 turns
 23605 | D:15     | Reached XP level 16. HP: 86/149 MP: 8/15
 24388 | D:15     | Found a staircase to the Depths.
 24772 | D:15     | Found a sparkling altar of Nemelex Xobeh.
 25178 | Orc:1    | Entered Level 1 of the Orcish Mines
 25191 | Orc:1    | Noticed Gastronok
 25217 | Orc:1    | Killed Gastronok
 25419 | Orc:1    | Found a runed translucent door.
 25491 | Orc:1    | Found a shimmering altar of Xom.
 25493 | Orc:1    | Noticed Noergh's ghost (journeyman DsGl)
 25639 | Orc:2    | Entered Level 2 of the Orcish Mines
 25762 | Orc:2    | Noticed Maurice
 25768 | Orc:1    | Noticed Snorg
 25775 | Orc:2    | Killed Maurice
 26123 | Orc:1    | Killed Snorg
 26135 | Orc:1    | You fall into a shaft and drop 1 floor!
 26135 | Orc:2    | Found Rerige's Antique Weapon Shoppe.
 26135 | Orc:2    | Found a roughly hewn altar of Beogh.
 26737 | Orc:2    | Paralysed by an orc sorcerer for 2 turns
 26739 | Orc:2    | HP: 9/226 [orc warlord/+0 bardiche (41)]
 26739 | Orc:2    | Killed from afar by an orc sorcerer

Illustrated notes

Levels and vault maps discovered:
D:1:      zelgadis_glass_arrival_large, layout_rooms
D:2:      layout_rooms, elyvilon_altar_3
D:3:      minmay_general_purpose_star, layout_basic
D:4:      cheibrodos_fertilizer, layout_rooms,
          minmay_temple_entry_gardened_gates, hangedman_feature_mirror,
          serial_bayou_pond_e
D:5:      layout_basic, gup_sewer_entry_spiral, serial_shops, shop,
          makhleb_blood_cavern_becter
D:6:      layout_cave_pools
D:7:      layout_basic, serial_park_tiny_2
D:8:      layout_cave_pools
D:9:      layout_long_grid, lemuel_crystal_altar, erik_lair_orcish_takeover
D:10:     layout_basic
D:11:     layout_rooms, kennysheep_orc_monster_closet_entryway,
          nicolae_trove_entry_crystal
D:12:     layout_grid_maze
D:13:     layout_loops_ring, uniq_azrael, uniq_frances
D:14:     layout_roguey [special_room_orc], skrybe_vaults_entry_preservation,
          kennysheep_doodads
D:15:     grunt_enter_depths_hoard, layout_cave_pods,
          nemelex_xobeh_ov_fountains_minmay, uniq_josephine
Temple:   minmay_crystal_snake_temple
Lair:1:   layout_chaotic_city, grunt_megastairs_5, lemuel_fruit_tree,
          lemuel_fruit_fields
Lair:2:   layout_small_grid, nicolae_swamp_entry_splash_gauntlet,
          lemuel_old_faithful, minmay_lair_oklob_chamber, grunt_megastairs_4
Lair:3:   layout_long_grid, grunt_megastairs_2, serial_bayou_shore_a,
          uniq_nergalle
Lair:4:   layout_regular_city, elwin_shoals_entry_rocks
Lair:5:   layout_misc_corridors, dpeg_slime_entry_enclosed_altar,
          portal_ice_cave_entry_imps, st_stairs_9, infiniplex_staircase_pool
Lair:6:   evilmike_catoblepas_cave, layout_regular_city, minivault_19,
          infiniplex_staircase_pool_2
Orc:1:    layout_caves, ebering_ghost_xom, uniq_gastronok, uniq_snorg
Orc:2:    grunt_orc_cross, layout_caves, serial_shops, shop_fountains,
          uniq_maurice

Skill      XL: |  1  2  3  4  5  6  7  8  9 10 11 12 13 14 15 16 |
---------------+-------------------------------------------------+-----
Axes           | 3 4 5 6 7 9 11 12 14 16 17 19 20 | 20.8
Dodging        | 1 2 3 4 5 6 8 9 10 11 12 13 14 | 14.3
Fighting       | 4 5 6 7 8 9 11 12 13 14 15 | 15.8
Armour         | 4 5 6 7 8 9 12 14 15 17 18 | 18.8
Shields        | |  3.6
Invocations    | |  0.8

Action                   |  1- 3 |  4- 6 |  7- 9 | 10-12 | 13-15 | 16-18 || total
-------------------------+-------+-------+-------+-------+-------+-------++-------
Melee: War axe           |    65 |   147 |   266 |   579 |   942 |   256 ||  2255
       Headbutt          |     7 |    20 |    51 |   125 |   225 |    50 ||   478
       Hand axe          |       |       |       |     5 |    67 |     7 ||    79
Invok: Upheaval          |       |       |       |     3 |       |       ||     3
Evoke: Wand              |       |       |       |       |     1 |       ||     1
  Use: Scroll            |       |    13 |     3 |    12 |    10 |     3 ||    41
       Potion            |       |       |       |       |     2 |     1 ||     3
Armor: Scale mail        |    38 |    60 |    73 |       |       |       ||   171
       Plate armour      |       |       |    34 |   297 |   539 |   134 ||  1004
Dodge: Dodged            |    21 |    43 |   156 |   203 |   349 |   101 ||   873
       Repelled          |       |       |       |     6 |     7 |     1 ||    14
Block: Kite shield       |    33 |    77 |    88 |       |       |       ||   198
       Other             |       |       |    19 |   214 |   628 |   177 ||  1038
       Reflection        |       |       |       |       |     8 |    15 ||    23

Table legend: (Time is in decaauts)
 A = Elapsed time spent in this place.
 B = Non-inter-level travel time spent in this place.
 C = Inter-level travel time spent in this place.
 D = Time resting spent in this place.
 E = Time spent auto-exploring this place.
 F = Levels seen in this place.
 G = Mean time per level.
                   A        B        C        D        E       F      G
               +--------+--------+--------+--------+--------+-----+--------+
         Total |  26433 |  24899 |   1534 |   2751 |  18127 |  26 | 1016.7 |
       Dungeon |  16000 |  14942 |   1058 |   1106 |  11280 |  15 | 1066.7 |
        Temple |    230 |    194 |     36 |      0 |    183 |   1 |  230.0 |
          Lair |   8090 |   7706 |    384 |   1155 |   5548 |   6 | 1348.3 |
  Orcish Mines |   1509 |   1455 |     54 |    255 |    907 |   2 |  754.5 |
         Sewer |    151 |    151 |      0 |      0 |     98 |   1 |  151.0 |
      Ice Cave |    451 |    451 |      0 |    235 |    111 |   1 |  451.0 |
               +--------+--------+--------+--------+--------+-----+--------+

Top non-repeatable levels by time:
    D:15: 2361 daAuts
  Lair:5: 1802 daAuts
    D:14: 1749 daAuts
     D:7: 1628 daAuts
  Lair:2: 1476 daAuts
  Lair:6: 1403 daAuts
    D:11: 1253 daAuts
  Lair:3: 1176 daAuts
     D:3: 1145 daAuts
  Lair:4: 1142 daAuts
    D:13: 1110 daAuts
  Lair:1: 1089 daAuts
    D:12: 1043 daAuts
   Orc:1: 823 daAuts
    D:10: 803 daAuts
